Workbook
Name CMedios: Medios[Descripción]
Name CRespuestas: Fundamentación!$C$13:$C$24
Name CTramites: Fundamentación!$C$29:$C$31

Sheet Fundamentación
A1: Art | B1: Fracc | C1: Contenido
A2: 34 | B2: XV | C2: Recibir y sistematizar y, en su caso, requerir los informes mensuales que deberán enviarle los sujetos obligados, relativos a la recepción y tramitación de solicitudes de información pública que hayan recibido
A3: 54 | B3: VIII | C3: Llevar un registro de las solicitudes de acceso a la información, respuestas, resultados, costos de reproducción y envío
A4: 54 | B4: XII | C4: Informar por escrito a la CEGAIP, de forma mensual, sobre las solicitudes de información recibidas, el trámite y respuesta correspondiente en cada caso
B10: Catálogo de Tipos de Respuesta
B12: Respuesta | C12: Descripción
B13: 1 | C13: Información reservada.
B14: 2 | C14: Información confidencial.
B15: 3 | C15: Se pone a disposición la información para consulta directa.
B16: 4 | C16: Se requiere al solicitante.
B17: 5 | C17: Se tiene por no presentada la solicitud de información, por no atender requerimiento en plazo.
B18: 6 | C18: Sujeto obligado no competente, se le orienta ante qué sujeto obligado presentar su solicitud de información.
B19: 7 | C19: Información se encuentra disponible en la Plataforma.
B20: 8 | C20: Entrega de información por correo electrónico.
B21: 9 | C21: Entrega de información previo pago correspondiente.
B22: 10 | C22: Información Inexistente
B23: 11 | C23: Ampliación de Plazo
B24: 12 | C24: Otros
B26: Catálogo de Tipos de Trámites
B28: Trámite | C28: Descripción
B29: 1 | C29: Recibida
B30: 2 | C30: En trámite
B31: 3 | C31: Contestada
B34: Catálogo de Medios de Envío de la Respuesta
B36: Medio | C36: Descripción
B37: 1 | C37: PNT
B38: 2 | C38: Correo postal tradicional o por correo certificado con acuse de recibo
B39: 3 | C39: Correo electrónico
B40: 4 | C40: Personal
B41: 5 | C41: Telégrafo
B42: 6 | C42: Verbal

Sheet Formato
A1: Mes que reporta | B1: 1 | C1: <== Escriba en esta celda el número de mes que reporta y el año | F1: Resumen | G1: No. de solicitudes recibidas en el mes | H1: 9 | I1: <== No escriba aquí nada, el formato calcula automáticamnete estos valores
B2: =IF(B1>0, CHOOSE(B1,"Enero", "Febrero", "Marzo", "Abril", "Mayo", "Junio", "Julio", "Agosto","Septiembre","Octubre","Noviembre","Diciembre"),"Escriba arriba número de mes a reportar") -> Enero | G2: No. de solicitudes respondidas en el mes | H2: =COUNTIF(Formato!$M$10:$M$26,B1) -> 9 | I2: <== No escriba aquí nada, el formato calcula automáticamnete estos valores
A3: Año que reporta | B3: 2022 | M3: Notas:
M4: 1 | N4: Solamente se capturan datos en celdas en amarillo.
M5: 2 | N5: Los folios pueden ser recibidos en un mes y contestados en otro. Para su correcta contabilización, si un folio es recibido en un mes y contestado en el siguiente, deberá incluirse en ambos reportes. El resumen tomará en cuenta esto para no cotabilizarlo doble.
A6: Reporte enviado a la CEGAIP, Art 34FXV , Art 54FVIII y XII
D7: Actualizado 15/01/2020
A9: Número de folio. | B9: Nombre del solicitante | C9: Fecha de Recepción | D9: Información Solicitada | E9: Trámite | F9: Respuesta | G9: Fecha de Respuesta | H9: Resultado | I9: Costo de Reproducción | J9: Medio de Notificación | K9: Costo de envio | L9: Mes de Recepción | M9: Mes de Respuesta
A10: 322000001 | C10: 44565 | D10: Solicito saber cuántos túneles tienen detectados en las instalaciones de la institución ubicadas en el Centro Histórico de la ciudad de San Luis Potosí? De ser afirmativa la respuesta ¿Qué acciones de conservación se han realizado? ¿Se reportaron al Instituto Nacional de Antropología e Historia para su intervención? | E10: Contestada | F10: Otros | G10: 44575 | H10: Notificación de la respuesta | I10: 0 | J10: PNT | K10: 0 | L10: =IF(Formato!$C10<>"",MONTH(C10),"") -> 1 | M10: =IF(Formato!$G10<>"",MONTH(G10),"") -> 1
A11: 322000002 | B11: MARIA ALEJANDRA RUIZ CERVANTES | C11: 44565 | D11: POR MEDIO DE LA PRESENTE SOLICITO INFORMACIÓN ACERCA DE EL NUMERO TOTAL DE NIÑAS,NIÑOS Y ADOLESCENTES VÍCTIMAS DE ABUSO SEXUALE EN EL ESTADO DE SAN LUIS POTOSI, POR FAVOR DESGLOZAR INFORMACION DE LA SIGUIENTE MANERA -RANGO DE EDAD -ESTADISTICAS A NIVEL ESTATAL Y MUNICIPAL -ESTADISTICAS AÑO 2020 Y 2021 -DIFERENCIACIÓN POR GÉNERO -MUNICIPIOS CON MÁS ÍNCIDICE DE CASOS -CASOS DENUNCIADOS CON CONDENA | E11: Contestada | F11: Sujeto obligado no competente, se le orienta ante qué sujeto obligado presentar su solicitud de información. | G11: 44568 | H11: Notificación de la respuesta | I11: 0 | J11: PNT | K11: 0 | L11: =IF(Formato!$C11<>"",MONTH(C11),"") -> 1 | M11: =IF(Formato!$G11<>"",MONTH(G11),"") -> 1
A12: 322000003 | B12: CIUDADANOS OBSERVANDO | C12: 44565 | D12: Los sujetos obligados pondrán a disposición del público y mantendrán actualizada, en los respectivos medios electrónicos, de acuerdo con sus facultades, atribuciones, funciones u objeto social, según corresponda, la información, por lo menos, de los temas, documentos y políticas que a continuación se señalan: Solicito se me envié por este medio en forma digitalizada o copia simple la siguiente información: -Las facultades de cada área del H. Ayuntamiento de Santa María del Rio, San Luis Potosí del periodo comprendido del 01 de octubre de 2021 a la fecha. -Los manuales de organización; así como los documentos que contengan las políticas de cada dependencia y unidad administrativa, que incluya metas, objetivos y responsables de los programas operativos a desarrollar del H. Ayuntamiento de Santa María del Rio, San Luis Potosí del periodo comprendido del 01 de octubre de 2021 a la fecha. -cuantos días pagaron de aguinaldo a los trabajadores de la administración 2021-2024 y cuánto dinero recibieron de Gobierno del estado para el pago de estos. -fuente del pago del evento anunciado para el día 29 de diciembre den santa maría del rio, san luís potosí, por el grupo los dos carnales -cuanto personal de base a despedido por instrucciones de EMMANUEL GOVEA DIAZ alcalde de santa maría del rio del 01 de octubre de 2021 a la fecha. -cuanto se han aumentado el sueldo el alcalde de santa María del rio san luis potosí administración 2021-2024. -si sigue teniendo una relacion sentimental con Adriana Ramírez pardo, dueña de las clínicas fuerzas para vivir. -si el pago de grupos musicales de los eventos llevados a cabo en santa maria de dl rio en las fiestas decembrinas, fue por parte del municipio de santa maria del rio y en caso de no serlo quien pago la contratación de esos grupos y su fuente, copias de los contratos con los grupos musicales, costos, horario y cuanto se cobro, si se pago la cuota de la asociación nacional de compositores de mexico. -si emmanuel govea diaz contrato los servicios del Licenciado Rafel Aguilar hermano del diputado juan francisco aguilar para la defensa de su proceso por abuso sexual de menores y le negaran la orden de aprehension. -si ya corrió al Lic. Aejandro Colunga Luna como jurídico de ayuntamiento y abogado de octavio pedroza gaytan. -si Yostan Lara, Balduino Emmanuel Rincon Ramos, Israel de los Santos Y fito Rodriguez siguen teniendo una relacion sentimental con el . -Si el director de seguridad pubica del municipio de santa maria del rio san lus potosi MARCELINO REYES LICEA vende droga en su establecimiento denominado BUEYES Y VACAS en la cabecera de santa maria lde rio, san luis potosi. -si el comandante de la dirección de seguridad publica municipal de santa maria del rio y ser del dominio publico su dedicacion a la venta de estupefacientes es hermano de el licenciado fiscal con sede en el municipio de santa maria del rio de apellidos Reyes Licea. -cuanto dinero ingreso por detenciones ilegales a la comandancia municipal de santa maria del rio, san luis potosi. -la suburban blanca que usa el alacade emmanuel govea diaz fue regalada, dada. vendida o prestada por la señora ADRIANA RAMIREZ PARDO o es del H. Ayuntamiento de Santa maria del Rio, San Luis Potosi. -la casa de donde habita, vive, pernocta el alacalde EMMANUEL GOVEA DIAZ es propiedad de él o de la señora ADRIANA RAMIREZ PARDO o la renta o es propiedad del H. Ayuntamiento de santa Maria del Rio, San Luis Potosi. -a cuanto haciende las deudas emmanuel govea diaz de todo el dinero que pidio a la gente de santa maria del rio y de la capital del estado de san luis potosi, para su camapaña a alcade de santa, si lo fiscalizaron o es de procedencia licita. -si el INE le dio vista a la unidad de inteligencia financiera. | E12: Contestada | F12: Sujeto obligado no competente, se le orienta ante qué sujeto obligado presentar su solicitud de información. | G12: 44568 | H12: Notificación de la respuesta | I12: 0 | J12: PNT | K12: 0 | L12: =IF(Formato!$C12<>"",MONTH(C12),"") -> 1 | M12: =IF(Formato!$G12<>"",MONTH(G12),"") -> 1
A13: 322000004 | B13: IRMA ISABEL VILLALOBOS CAAMAL | C13: 44565 | D13: 1.- ¿La Comisión Ejecutiva de Atención a Víctimas de SLP cuenta con Fondo de Ayuda, Asistencia y Reparación Integral? 2.- ¿La Comisión Ejecutiva de Atención a Víctimas de SLP ha emitido dictámenes de reparación integral por violaciones a Derechos Humanos? 3.- En caso de ser positivo el punto anterior, ¿Cuantos dictámenes ha emitido la Comisión Ejecutiva de Atención a Víctimas de SLP? 4.- ¿Cuál es el monto otorgado por concepto de compensación por daño moral de los dictámenes de reparación integral? 5.- ¿Cuál es el derecho vulnerado a reparar en cada dictamen de reparación integral emitidos hasta el momento por la Comisión Ejecutiva de Atención a Víctimas de SLP? 6.- ¿Cuánto tiempo se tarda la Comisión Ejecutiva de Atención a Víctimas de SLP para emitir un dictamen de reparación integral por violaciones a Derechos Humanos? 7.- ¿Cuantas Medidas de asistencia ha otorgado la Comisión Ejecutiva de Atención a Víctimas de SLP? | E13: Contestada | F13: Otros | G13: 44575 | H13: Notificación de la respuesta | I13: 0 | J13: PNT | K13: 0 | L13: =IF(Formato!$C13<>"",MONTH(C13),"") -> 1 | M13: =IF(Formato!$G13<>"",MONTH(G13),"") -> 1
A14: 322000005 | B14: GABRIELA RIVERA DIAZ | C14: 44565 | D14: ¿Cuentan con un protocolo de atención a víctimas? ¿En qué consisten las medidas de apoyo, ayuda y asistencia a las víctimas de feminicidio? ¿Se hace una valoración a las víctimas, para conocer el tipo de medidas que necesitan? ¿Cuentan con medidas específicas para la atención de niñas y niños ? ¿Cuentan con personal que atienda al contexto multicultural? ¿Cuentan con peritos (as) que manejen la perspectiva multicultural para la atención de víctimas indígenas? ¿Cuentan con psicólogos (as) que manejen la perspectiva multicultural para la atención de víctimas indígenas? ¿Cuentan con personal capacitado en perspectiva de género? ¿Cuál es la ruta de atención a las víctimas de feminicidio? ¿Cuáles son las acciones para elaborar los planes de reparación integral? ¿Cuál es el presupuesto con el que cuenta la Comisión para dar cumplimiento a las medidas de reparación? ¿Cuál es su personal operativo de la CEAV? ¿Cuántos informes sobre reparación integral del daño son solicitados por parte de la fiscalía a la CEAV para su acreditar daños en sus juicios? ¿Cuál es el apoyo que la CEAV le brinda a la fiscalía general del estado? ¿Cuántos registros de víctimas de feminicidio realiza al mes? Favor de indicar los números del último año. -¿Cuentan con el Programa de Atención Integral a las víctimas? -¿Cuál es el presupuesto destinado al Fondo de ayuda, asistencia y reparación integral? -¿Qué cantidad del presupuesto destinado al Fondo de ayuda, asistencia y reparación integral fue destinado a víctimas indirectas de feminicidio? -¿En qué se gastó el presupuesto del Fondo de ayuda, asistencia y reparación integral destinado a víctimas indirectas de feminicidio? -¿Cuál es el procedimiento de atención de las víctimas de feminicidio? ¿Cuál es el procedimiento de atención psicológica,médica, jurídica y de trabajo social para víctimas indirectas de feminicidio? -¿A cuántas víctimas indirectas de feminicidio han brindado atención jurídica? -¿Cuántas asesorías jurídicas brindaron a víctimas indirectas de feminicidio? -¿Cuántas asesorías jurídicas son destinadas a víctimas indirectas de feminicidio infantil, adolescentes, indígenas, afrodescendientes, con discapacidad, y/o migrantes? -¿A cuántas víctimas indirectas de feminicidio han brindado atención psicológica? -¿Cuántas horas de terapia psicológica brindaron a víctimas indirectas de feminicidio? -¿Cuántas horas de terapia psicológica son destinadas a víctimas indirectas de feminicidio infantil, adolescentes, indígenas, afrodescendientes, con discapacidad y/o migrantes? ¿A cuántas víctimas indirectas de feminicidio han brindado atención médica? ¿En qué consistieron los servicios médicos brindados a víctimas indirectas de feminicidio? ¿A cuántas víctimas indirectas se les brindó asistencia tanatológica? ¿Cuántas horas de asistencia tanatológica son destinadas a víctimas indirectas? ¿Qué medidas se han realizado para la recuperación de los proyectos de vida de las víctimas indirectas de feminicidio? ¿En qué consisten las medidas de seguimiento a las víctimas indirectas de feminicidio? ¿Cuentan con espacios de atención a las víctimas indirectas de feminicidio? ¿Cuáles son las condiciones materiales de dichos espacios? ¿Qué acciones han implementado para las y los hijos de víctimas de feminicidio? | E14: Contestada | F14: Otros | G14: 44575 | H14: Notificación de la respuesta | I14: 0 | J14: PNT | K14: 0 | L14: =IF(Formato!$C14<>"",MONTH(C14),"") -> 1 | M14: =IF(Formato!$G14<>"",MONTH(G14),"") -> 1
A15: 322000006 | B15: GABRIELA RIVERA DIAZ | C15: 44565 | D15: ¿Cuántas psicológas/os tiene la CEAV? ¿En promedio cuántos casos lleva cada psicológa/o? ¿Cuántos asesores/as jurídicos/as tiene la CEAV? ¿En promedio cuántos casos lleva cada asesor/a jurídico/a? ¿Qué cursos sobre violencia contra las mujeres y perspectiva de género han recibido en el último año las y los psicológos/as que atienden a víctimas indirectas de feminicidio y sobrevivientes de tentativa de feminicidio? ¿Por quiénes han sido impartidos? Especificar el nombre del curso, duración, cantidad de asistentes, evaluaciones. ¿Qué cursos sobre violencia contra las mujeres y perspectiva de género han recibido en el último año las y los asesores jurídicos que atienden a víctimas indirectas de feminicidio y sobrevivientes de tentativa de feminicidio? ¿Por quiénes han sido impartidos? Especificar el nombre del curso, duración, cantidad de asistentes, evaluaciones. ¿Cuál es el enfoque psicológico desde el cual se brinda la atención a víctimas indirecta de feminicidio y sobrevivientes de tentativa de feminicidio? ¿Integran el enfoque de desvictimización? ¿cómo lo realizan? ¿Cuál es el procedimiento a través del cual las víctimas indirectas de feminicidio o sobrevivientes de tentativa de feminicidio acceden a programas sociales? ¿A qué programas sociales acceden? ¿Cuáles son los criterios para acceder a dichos programas sociales? ¿Qué convenios interinstitucionales han realizado para brindar asistencia y atención a víctimas indirectas de feminicidio y sobrevivientes de tentativa de feminicidio? ¿Cuántas víctimas indirectas de feminicidio y sobrevivientes han sido beneficiadas? Nombre del convenio, periodo, institución y número de beneficiarias por convenio. ¿Cuál es el procedimiento de atención psicológica, médica, jurídica y de trabajo social para víctimas indirectas de transfeminicidio? ¿A cuántas víctimas indirectas de transfeminicidio han brindado atención jurídica? -¿Cuántas asesorías jurídicas brindaron a víctimas indirectas de transfeminicidio? -¿A cuántas víctimas indirectas de transfeminicidio han brindado atención psicológica? -¿Cuántas horas de terapia psicológica brindaron a víctimas indirectas de transfeminicidio? ¿A cuántas víctimas indirectas de transfeminicidio han brindado atención médica? ¿En qué consistieron los servicios médicos brindados a víctimas indirectas de transfeminicidio? | E15: Contestada | F15: Otros | G15: 44575 | H15: Notificación de la respuesta | I15: 0 | J15: PNT | K15: 0 | L15: =IF(Formato!$C15<>"",MONTH(C15),"") -> 1 | M15: =IF(Formato!$G15<>"",MONTH(G15),"") -> 1
A16: 322000007 | B16: CLAUDIA JUDITH ROJAS HERRERA | C16: 44565 | D16: Mediante memorándum de fecha 18 de mayo de 2021 expedido por la Directora de unidad de Trabajo Social y por similar expedido por Área de Informática y Sistemas de la Dependencia, se informó que durante 2020 el número de usuarios fue de 6746. En la información que se me proporciona sobre el lugar de residencia de estos usuarios durante el 2020, la Directora de Trabajo Social mediante memorándum No. CEEAVSLP/UPC/TS-1816/2021 informa mediante un listado. De la suma de este listado da como total de usuarios 6675. De ello se deduce que faltan 71 usuarios por proporcionar información del lugar de su residencia o el municipio al que pertenecen. Por lo anterior, atentamente solicito me proporcionen el dato faltante de estos 71 usuarios y que se me informe la razón por la que no coinciden los datos de número de usuarios proporcionado en diversos memos. | E16: Contestada | F16: Otros | G16: 44568 | H16: Notificación de la respuesta | I16: 0 | J16: PNT | K16: 0 | L16: =IF(Formato!$C16<>"",MONTH(C16),"") -> 1 | M16: =IF(Formato!$G16<>"",MONTH(G16),"") -> 1
A17: 322000008 | B17: ABELARDO MEDILLIN PEREZ | C17: 44572 | D17: Solicito el nombre de personas físicas y morales que brindan servicio de mecánica y/o reparación de vehículos a esta dependencia. De igual forma, solicito copia en formato digital de todas las facturas pagadas a personas físicas y morales por servicios de reparación, mantenimiento, hojalatería, pintura, afinación o cualquier otro relacionado con el servicio y mantenimiento de los vehículos de esta dependencia. También le pido una relación del parque vehicular que tiene a su disposición esta dependencia, así como los generales de cada vehículo. Igualmente le solicitó me informe del dinero presupuestado para fines de mantenimiento y reparación de vehículos para el ejercicio 2022. | E17: Contestada | F17: Se tiene por no presentada la solicitud de información, por no atender requerimiento en plazo. | G17: 44579 | H17: Notificación de la respuesta | I17: 0 | J17: PNT | K17: 0 | L17: =IF(Formato!$C17<>"",MONTH(C17),"") -> 1 | M17: =IF(Formato!$G17<>"",MONTH(G17),"") -> 1
A18: 322000009 | B18: RICARDO ROJAS | C18: 44589 | D18: solicito la oposición de mis datos personales | E18: Contestada | F18: Se requiere al solicitante. | G18: 44589 | H18: Notificación de la respuesta | I18: 0 | J18: PNT | K18: 0 | L18: =IF(Formato!$C18<>"",MONTH(C18),"") -> 1 | M18: =IF(Formato!$G18<>"",MONTH(G18),"") -> 1
L19: =IF(Formato!$C19<>"",MONTH(C19),"") | M19: =IF(Formato!$G19<>"",MONTH(G19),"")
L20: =IF(Formato!$C20<>"",MONTH(C20),"") | M20: =IF(Formato!$G20<>"",MONTH(G20),"")
L21: =IF(Formato!$C21<>"",MONTH(C21),"") | M21: =IF(Formato!$G21<>"",MONTH(G21),"")
L22: =IF(Formato!$C22<>"",MONTH(C22),"") | M22: =IF(Formato!$G22<>"",MONTH(G22),"")
L23: =IF(Formato!$C23<>"",MONTH(C23),"") | M23: =IF(Formato!$G23<>"",MONTH(G23),"")
L24: =IF(Formato!$C24<>"",MONTH(C24),"") | M24: =IF(Formato!$G24<>"",MONTH(G24),"")
L25: =IF(Formato!$C25<>"",MONTH(C25),"") | M25: =IF(Formato!$G25<>"",MONTH(G25),"")
L26: =IF(Formato!$C26<>"",MONTH(C26),"") | M26: =IF(Formato!$G26<>"",MONTH(G26),"")
M29: NOTA:
M30: Llene tantos reglones como sea necesario, acorde al número de solicitudes recibidas
